 Dungeon Crawl Stone Soup version 0.23.2-33-g5129a83184 (webtiles) character file.

Game seed: 8647533932304347406

44 Derp the Slasher (level 3, 0/27 HPs)
             Began as a Demonspawn Gladiator on July 23, 2019.
             Succumbed to an adder's poison
             ... on level 2 of the Dungeon.
             The game lasted 00:02:55 (994 turns).

Derp the Slasher (Demonspawn Gladiator)              Turns: 994, Time: 00:02:55

Health: 0/27       AC:  4    Str: 15    XL:     3   Next: 39%
Magic:  3/3        EV: 13    Int:  7    God:
Gold:   40         SH:  0    Dex: 14    Spells: 2/2 levels left

rFire    . . .     SeeInvis .   a - +0 long sword
rCold    . . .     Gourm    .   (no shield)
rNeg     . . .     Faith    .   b - +0 leather armour
rPois    .         Spirit   .   c - +0 helmet
rElec    .         Reflect  .   (no cloak)
rCorr    .         Harm     .   (no gloves)
MR       .....                  (no boots)
Stlth    +.........             (no amulet)
HPRegen  0.09/turn              (no ring)
MPRegen  0.08/turn              (no ring)

@: lethally poisoned (0 -> -4)
A: claws 1, dopey 1, high mp 1
a: no special abilities


You were on level 2 of the Dungeon.
You were not hungry.

You visited 1 branch of the dungeon, and saw 2 of its levels.

You collected 40 gold pieces.

Inventory:

Hand Weapons
 a - a +0 long sword (weapon)
Missiles
 d - 3 throwing nets (quivered)
Armour
 b - a +0 leather armour (worn)
 c - a +0 helmet (worn)
Comestibles
 f - 4 rations


   Skills:
 + Level 2.2 Fighting
 + Level 3.3 Long Blades
 + Level 1.9 Throwing
 + Level 0.4 Armour
 + Level 3.2 Dodging


You had 2 spell levels left.
You didn't know any spells.
Your spell library was empty.

Dungeon Overview and Level Annotations

Branches:
Dungeon (2/15)

Altars:


Innate Abilities, Weirdness & Mutations

You have sharp fingernails.
You are dopey. (Int -2)
You have an increased reservoir of magic. (+10% MP)


Message History

The adder is almost dead.
* * * LOW HITPOINT WARNING * * *
You feel sick. The adder bites you but does no damage.
The adder barely misses you.
You riposte.
You closely miss the adder.
The adder is almost dead.
You barely miss the adder.
The adder is almost dead.
* * * LOW HITPOINT WARNING * * *
You feel sick. The adder barely misses you.
You riposte.
You slash the adder!
You kill the adder!
* * * LOW HITPOINT WARNING * * *
You feel sick.
It was a potion of mutation.
You feel extremely strange.
You feel stupid.
You feel more energetic.
* * * LOW HITPOINT WARNING * * *
You feel sick.
As you read the scroll labeled ITURAM QYHO, it crumbles to dust.
It is a scroll of identify.
You don't have any unidentified items.
You die...

#........ #.##.#.#
#........
.#####.##.#.######
###........
.#........#......#
#.<........
.........#.####.#
#....#+#+##
#.....##.#.####.# +....#
#..#..##)#......###
#....#
#..#..##)#.####....
#.....
#.#..#..##.#......# #
#.####.
#...@...##.....#### #.
..........##.............
..
........................
........#..####.#.###..#
........#..# #.#... ..
........#..# #.##### .
K...#...#..# ...
....+...#..# ### #...


You could see a kobold (wandering).

Vanquished Creatures
  An adder (D:2)
  A leopard gecko (D:1)
  3 bats (D:1)
  2 giant cockroaches (D:1)
  7 goblins
  A hobgoblin (D:1)
  4 jackals (D:2)
  2 ball pythons (D:1)
  3 frilled lizards
  3 kobolds (D:1)
  6 rats (D:1)
33 creatures vanquished.

Notes
Turn   | Place    | Note
-------+----------+-------------------------------------------
     0 | D:1      | Derp the Demonspawn Gladiator began the quest for the Orb.
     0 | D:1      | Reached XP level 1. HP: 16/16 MP: 1/1
   291 | D:1      | Gained mutation: You have sharp fingernails. [demonic
                  | ancestry]
   291 | D:1      | Reached XP level 2. HP: 22/22 MP: 2/2
   960 | D:2      | Reached XP level 3. HP: 19/27 MP: 3/3
   989 | D:2      | Gained mutation: You are dopey. (Int -2) [potion of
                  | mutation]
   989 | D:2      | Gained mutation: You have an increased reservoir of magic.
                  | (+10% MP) [potion of mutation]
   991 | D:2      | HP: 1/27 [poisoned by an adder]
   994 | D:2      | Succumbed to an adder's poison

Skill      XL: |  1  2 |
---------------+-------+-----
Long Blades    | 3 |  3.3
Dodging        | 3 |  3.2
Fighting       | |  2.2
Throwing       | |  1.9
Armour         | |  0.4

Action                   || total
-------------------------++-------
Melee: Long sword        ||    75
  Use: Potion            ||     3
       Scroll            ||     1
Armor: Leather armour    ||    31
Dodge: Dodged            ||    55
       Rpst.: Long sword ||    17
